 Dungeon Crawl Stone Soup version 0.14.1-24-gbdbe590 (webtiles) character file.

649 Kenran the Carver (level 7, 0/57 HPs)
             Began as a Minotaur Fighter on June 18, 2014.
             Was an Initiate of Trog.
             Slain by Edmund
             ... wielding a +1,+2 dire flail of holy wrath
              (3 damage)
             ... on Level 4 of the Dungeon.
             The game lasted 00:12:20 (2816 turns).

Kenran the Carver (Minotaur Fighter)                Turns: 2816, Time: 00:12:21

HP   0/57        AC  6     Str 21      XL: 7   Next:  0%
MP   3/3         EV  6     Int  5      God: Trog [......]
Gold 135         SH 20     Dex 11      Spells:  0 memorised,  6 levels left

rFire  . . .     SeeInvis .     a - +1,+0 long sword
rCold  . . .     Clarity  .     b - +0 scale mail
rNeg   . . .     Conserve .     c - +1 shield
rPois  .         rCorr    .     (helmet restricted)
rElec  .         rRot     .     (no cloak)
SustAb . .       Spirit   .     (no gloves)
rMut   .         Warding  .     (no boots)
Gourm  +         Stasis   .     p - amulet of the gourmand
MR     .....                    (no ring)
                                (no ring)

@: not resistant to hostile enchantments, extremely unstealthy
A: retaliatory headbutt, horns 2
a: Burn Spellbooks, Renounce Religion


You were on level 4 of the Dungeon.
You worshipped Trog.
Trog was noncommittal.
You were not hungry.

You visited 2 branches of the dungeon, and saw 5 of its levels.
You also visited: Ossuary.

You collected 135 gold pieces.

Inventory:

Hand weapons
 a - a +1,+0 long sword (weapon)
 k - a +0,+0 falchion
Armour
 b - a +0 scale mail (worn)
 c - a +1 shield (worn)
Magical devices
 v - a wand of fireball (4) {unknown}
Comestibles
 d - a bread ration
 i - a meat ration
 u - 12 sultanas
Scrolls
 j - 6 scrolls of remove curse
 m - a scroll of recharging
 n - a scroll of enchant weapon II {unknown}
 q - 3 scrolls of identify
 t - a scroll of fog
 w - a scroll of fear {unknown}
Jewellery
 f - an uncursed amulet of conservation
 p - an amulet of the gourmand (around neck)
Potions
 e - 3 potions of might
 g - a potion of brilliance {unknown}
 h - a potion of paralysis {unknown}
 l - 2 potions of curing {unknown}
 o - 4 potions of heal wounds {unknown}
 s - a potion of lignification {unknown}


   Skills:
 - Level 3.6 Fighting
 + Level 9.2 Long Blades
 - Level 3.6 Armour
 - Level 3.6 Shields


You had 6 spell levels left.
You didn't know any spells.

Dungeon Overview and Level Annotations

Branches:
Dungeon (4/15)             Temple (1/1) D:4

Altars:
Ashenzari
Cheibriados
Dithmenos
Elyvilon
Fedhas
Kikubaaqudgha
Makhleb
Nemelex Xobeh
Sif Muna
Trog
Yredelemnul
Zin
The Shining One

Annotations:
D:4 Edmund


Innate Abilities, Weirdness & Mutations

You reflexively headbutt those who attack you in melee.
You have a pair of horns on your head.


Message History

Edmund hits you with a runed dire flail.
* * * LOW HITPOINT WARNING * * *
You slash Edmund!
Edmund is heavily wounded.
Edmund hits you but does no damage.
You closely miss Edmund.
Edmund is heavily wounded.
You hit Edmund but do no damage. You headbutt Edmund, but do no damage.
Edmund is heavily wounded.
You block Edmund's attack.
You hit Edmund but do no damage. Your headbutt misses Edmund.
Edmund is heavily wounded.
You feel sick.
You are no longer poisoned.
Edmund hits you with a runed dire flail!
* * * LOW HITPOINT WARNING * * *
You hit Edmund. You headbutt Edmund.
Edmund is severely wounded.
Edmund hits you with a runed dire flail.
You die...

# ###.######### ....#
#...........# .....#
#...........# ......#
###............
.......####.............#
........##...#...........#
..?.....##.###...........#
...(....#..# #...........#
......<.%@@##
############# ...?.....###
##########


You could see Edmund.

Vanquished Creatures
  A phantom (D:4)
  Duvessa (D:4)
  Dowan (D:4)
  2 orc priests (D:3)
  A centaur skeleton (D:4)
  A worker ant (D:4)
  An iguana (D:4)
  Ijyb (D:2)
  Jessica (D:2)
  4 adders
  A worm (D:2)
  An adder zombie (Ossuary)
  A giant eyeball (D:4)
  2 giant geckos
  14 orcs
  A ball python (D:1)
  4 bats
  2 giant cockroaches (D:1)
  8 goblins
  7 hobgoblins
  4 jackals (D:1)
  4 kobolds
  A quokka (D:3)
  4 giant newts
  A jackal zombie (Ossuary)
  A kobold zombie (Ossuary)
  An orc zombie (D:4)
  9 rats
  A rat zombie (Ossuary)
81 creatures vanquished.

Vanquished Creatures (others)
  A kobold (D:1)
1 creature vanquished.

Grand Total: 82 creatures vanquished

Notes
Turn   | Place    | Note
--------------------------------------------------------------
     0 | D:1      | Kenran, the Minotaur Fighter, began the quest for the Orb.
     0 | D:1      | Reached XP level 1. HP: 19/19 MP: 1/1
   134 | D:1      | Reached XP level 2. HP: 17/26 MP: 1/1
   421 | D:1      | Reached skill level 4 in Long Blades
   596 | D:2      | Noticed Jessica
   603 | D:2      | Killed Jessica
   603 | D:2      | Reached XP level 3. HP: 31/31 MP: 2/2
   622 | D:2      | Noticed Ijyb
   625 | D:2      | Reached skill level 5 in Long Blades
   635 | D:2      | Killed Ijyb
   635 | D:2      | Reached XP level 4. HP: 35/39 MP: 2/2
   737 | D:2      | Found a glowing silver altar of Zin.
  1252 | D:3      | Reached skill level 6 in Long Blades
  1258 | D:3      | Reached XP level 5. HP: 32/45 MP: 2/2
  1441 | D:3      | Reached skill level 7 in Long Blades
  1893 | D:4      | Noticed a phantom
  1900 | D:4      | Found a sand-covered staircase.
  1919 | D:4      | Killed a phantom
  1919 | D:4      | Reached skill level 8 in Long Blades
  1919 | D:4      | Reached XP level 6. HP: 38/51 MP: 3/3
  1938 | Ossuary  | Entered an ossuary
  2170 | D:4      | Noticed Dowan
  2194 | D:4      | Noticed Duvessa
  2204 | D:4      | Killed Duvessa
  2216 | D:4      | Killed Dowan
  2358 | D:4      | Found a staircase to the Ecumenical Temple.
  2360 | D:4      | Paralysed by a giant eyeball for 2 turns
  2367 | D:4      | Paralysed by a giant eyeball for 4 turns
  2391 | Temple   | Entered the Ecumenical Temple
  2463 | Temple   | Became a worshipper of Trog the Wrathful
  2659 | D:4      | Reached skill level 9 in Long Blades
  2792 | D:4      | Noticed Edmund
  2796 | D:4      | Reached XP level 7. HP: 53/57 MP: 3/3
  2815 | D:4      | HP: 2/57 [Edmund/runed dire flail (8)]
  2816 | D:4      | Slain by Edmund

Action                   |  1- 3 |  4- 6 |  7- 9 || total
-------------------------+-------+-------+-------++-------
Melee: Long sword        |    78 |   183 |    17 ||   278
  Use: Scroll            |     5 |     3 |       ||     8
